 Dungeon Crawl Stone Soup version 0.31.0-12-g77e489cdc1 (webtiles) character file.

Game seed: 1850244531124705113

189 Gadfly the Covered (level 5, -3/45 HPs)
             Began as an Armataur Fighter on Feb 29, 2024.
             Slain by an ogre
             ... wielding a +0 giant club
              (23 damage)
             ... on level 4 of the Dungeon.
             The game lasted 00:03:19 (2656 turns).

Gadfly the Covered (Armataur Fighter)               Turns: 2656, Time: 00:03:19

Health: -3/45      AC:  8    Str: 27    XL:     5   Next: 40%
Magic:  6/6        EV:  6    Int:  8    God:
Gold:   154        SH:  6    Dex: 17    Spells: 4/4 levels left

rFire   . . .        o - +11 falchion of Asoqe {venom, Str+5 SInv}
rCold   . . .        c - +1 buckler
rNeg    . . .        m - +0 chain mail
rPois   .            (no helmet)
rElec   .            (no cloak)
rCorr   .            (no gloves)
SInv    +            (no barding)
Will    .....        (no amulet) Stlth
                     k - +6 ring of dexterity
HPRegen 0.27/turn    (no ring)
MPRegen 0.10/turn

%: roll
@: no status effects
A: large, deformed body, tough skin 3, armoured tail, roll 1
a: no special abilities


You were on level 4 of the Dungeon.
You visited 1 branch of the dungeon, and saw 4 of its levels.

You collected 154 gold pieces.

Inventory:

Hand Weapons
 a - a +0 morningstar
 b - a +3 whip of freezing
 o - the +11 falchion of Asoqe (weapon) {venom, Str+5 SInv}
   (You found it on level 3 of the Dungeon)

   Str+5:     It affects your strength (+5).
   SInv:      It lets you see invisible.
Armour
 c - a +1 buckler (worn)
 m - a +0 chain mail (worn)
Jewellery
 k - a +6 ring of dexterity (left hand)
Scrolls
 j - a scroll of poison
Potions
 d - 2 potions of might
 e - a potion of resistance
 f - a potion of ambrosia
 h - a potion of heal wounds
 l - a potion of enlightenment
 p - a potion of curing


   Skills:
 + Level 3.2 Fighting
 * Level 2.8 Maces & Flails
 + Level 4.2 Armour
 + Level 3.8 Shields
 * Level 2.2 Invocations
 * Level 2.1 Evocations


You had 4 spell levels left.
You didn't know any spells.
Your spell library contained the following spells:

 Spells                   Type           Power      Damage    Failure   Level
 Scorch                   Fire           0%         2d5       98%         2
 Flame Wave               Conj/Fire      0%         2d4       100%        4
 Summon Cactus Giant      Summ           0%         N/A       100%        6


Dungeon Overview and Level Annotations

Branches:
Dungeon (4/15)
 Temple: D:4-7

Altars:
Dithmenos


Innate Abilities, Weirdness & Mutations

Armour fits poorly on your strangely shaped body.
You have extremely tough skin. (AC +3)
You have a long armoured tail.
You regenerate magic when rolling toward enemies. (Rampage MPRegen)


Message History

No target in view!
No target in view!
No target in view!
A goblin comes into view. It is wielding a +0 club.
The goblin moves out of view.
A goblin is nearby!
A goblin is nearby!
An ogre comes into view. It is wielding a +0 giant club.
The ogre shouts!
The ogre moves out of view.
You roll towards the goblin!
An ogre comes into view. It is wielding a +0 giant club.
A goblin comes into view. It is wielding a +0 club.
The ogre shouts!
The goblin shouts!
The goblin hits you but does no damage.
The goblin moves out of view.
You slash the goblin!
You kill the goblin!
You hit the ogre.
The ogre is lightly wounded.
You block the ogre's attack.
You slash the ogre!
The ogre is moderately wounded.
The ogre hits you with a +0 giant club! The goblin barely misses you.
You hit the ogre. You tail-slap the ogre.
The ogre is heavily wounded.
The goblin barely misses you. The ogre hits you with a +0 giant club!
You are too injured to fight recklessly!
You are too injured to fight recklessly!
You are too injured to fight recklessly!
You are too injured to fight recklessly!
You are too injured to fight recklessly!
You are too injured to fight recklessly!
You are too injured to fight recklessly!
You are too injured to fight recklessly!
There are monsters nearby!
Unknown command.
The ogre attacks as it pursues you!
The ogre hits you with a +0 giant club!!
Ouch! That really hurt!
You die...

#... .. ...
##............#
......#.......
........#......
... .........#
...#...#....###
#.#.#.........
+..<@g#)...##
###..OO.#...#
#.........#
####...###...#
### #........#
....
#....###....###
.#.
.......<......#
#
#.######.).##.#
#......#


You could see 2 ogres and a goblin.

Vanquished Creatures
  An orc wizard (D:2)
  7 adders
  2 dart slugs
  2 ribbon worms (D:2)
  An orc (D:2)
  8 bats
  3 endoplasms
  3 giant cockroaches (D:2)
  7 hobgoblins
  5 quokkas
  5 ball pythons
  4 frilled lizards
  7 goblins
  8 kobolds
  9 rats
72 creatures vanquished.

Vanquished Creatures (others)
  An orc wizard (D:2)
1 creature vanquished.

Grand Total: 73 creatures vanquished

Notes
Turn   | Place    | Note
-------+----------+-------------------------------------------
     0 | D:1      | Gadfly the Armataur Fighter began the quest for the Orb.
     0 | D:1      | Reached XP level 1. HP: 18/18 MP: 1/1
   116 | D:1      | Reached XP level 2. HP: 25/25 MP: 2/2
   804 | D:2      | Reached skill level 1 in Invocations
   899 | D:2      | Reached XP level 3. HP: 25/30 MP: 3/3
   902 | D:2      | Reached skill level 1 in Evocations
   924 | D:2      | Reached skill level 4 in Armour
   924 | D:2      | Reached XP level 4. HP: 7/38 MP: 3/5
  1470 | D:2      | Identified the +1 ring mail of Wu Jian's Supremacy {Will+
                  | SInv}
  1767 | D:2      | Reached XP level 5. HP: 45/45 MP: 6/6
  2085 | D:3      | Found a shadowy altar of Dithmenos.
  2144 | D:3      | Identified the +11 falchion of Asoqe {venom, Str+5 SInv}
  2649 | D:4      | Noticed an ogre
  2650 | D:4      | Noticed an ogre
  2656 | D:4      | Slain by an ogre

Illustrated notes

Levels and vault maps discovered:
D:1:      lemuel_arrival_hallway, layout_basic,
          wander_ebering_terrifying_dragon_lair
D:2:      layout_basic, kennysheep_potato
D:3:      layout_basic, mainiacjoe_overflow_boulevard
D:4:      layout_basic, dk_rats_in_the_wall

Skill      XL: |  1  2  3  4  5 |
---------------+----------------+-----
Maces & Flails | 2 |  2.8
Invocations    | 1 2 |  2.2
Evocations     | 1 2 |  2.1
Fighting       | 3 |  3.2
Armour         | 4 |  4.2
Shields        | |  3.8

Action                     |  1- 3 |  4- 6 || total
---------------------------+-------+-------++-------
  Melee: Flail             |    39 |       ||    39
         Tailslap          |     6 |     9 ||    15
         Whip              |    54 |    94 ||   148
         Falchion          |       |    13 ||    13
    Use: Scroll            |     4 |     4 ||     8
         Potion            |       |     3 ||     3
 Armour: Scale mail        |    61 |    17 ||    78
         Ring mail         |       |    40 ||    40
         Chain mail        |       |     4 ||     4
  Dodge: Dodged            |    26 |    38 ||    64
  Block: Buckler           |    13 |    21 ||    34
